 Dungeon Crawl Stone Soup version 0.29-a0-88-g03a7b78be7 (webtiles) character file.

Game seed: 2075200908360563226

39 Sweetruy1997 the Chiller (level 3, -7/26 HPs)
             Began as a Draconian Ice Elementalist on Feb 5, 2022.
             Mangled by Sigmund (8 damage)
             ... on level 2 of the Dungeon.
             The game lasted 00:03:35 (1276 turns).

Sweetruy1997 the Chiller (DrIE)                     Turns: 1276, Time: 00:03:35

Health: -7/26      AC:  6    Str: 10    XL:     3   Next: 26%
Magic:  3/6        EV: 12    Int: 17    God:
Gold:   51         SH:  0    Dex: 11    Spells: 2/6 levels left

rFire   . . .      SeeInvis .   a - +0 club
rCold   . . .      Faith    .   (no shield)
rNeg    . . .      Spirit   .   (armour unavailable)
rPois   .          Reflect  .   (helmet restricted)
rElec   .          Harm     .   (no cloak)
rCorr   .          Rampage  .   e - +0 pair of gloves
Will    .....                   (no boots)
Stlth   ++........              (no amulet)
HPRegen 0.08/turn               (no ring)
MPRegen 0.10/turn               (no ring)

@: no status effects
A: AC +5, unfitting armour, cold-blooded
a: no special abilities


You were on level 2 of the Dungeon.
You visited 1 branch of the dungeon, and saw 2 of its levels.

You collected 51 gold pieces.

Inventory:

Hand Weapons
 a - a +0 club (weapon)
Armour
 e - a +0 pair of gloves (worn)
Scrolls
 c - a scroll of noise {unknown}
 h - 6 scrolls of identify {unknown}
 j - a scroll of teleportation {unknown}
Potions
 b - a potion of brilliance {unknown}
 d - a potion of degeneration {unknown}
 f - 2 potions of cancellation {unknown}
 g - a potion of haste {unknown}
 i - 2 potions of heal wounds {unknown}
 k - a potion of ambrosia {unknown}
 l - a potion of might {unknown}


   Skills:
 + Level 1.9 Dodging
 + Level 1.8 Stealth
 + Level 2.3 Spellcasting
 + Level 4.8 Ice Magic


You had 2 spell levels left.
You knew the following spells:

 Your Spells              Type           Power      Damage    Failure   Level
a - Freeze                Ice            72%        1d9       2%          1
b - Frozen Ramparts       Ice            36%        1d5       8%          3

Your spell library contained the following spells:

 Spells                   Type           Power      Damage    Failure   Level
 Ozocubu's Armour         Ice            18%        N/A       8%          3
 Hailstorm                Conj/Ice       10%        3d5       56%         4
 Ozocubu's Refrigeration  Ice            9%         4d6       100%        7


Dungeon Overview and Level Annotations

Branches:
Dungeon (2/15)

Altars:

Annotations:
D:2 Sigmund


Innate Abilities, Weirdness & Mutations

Your plain brown scales are hard. (AC +5)
You cannot fit into any form of body armour.
You are cold-blooded and may be slowed by cold attacks.


Message History

Sigmund casts a spell at you. The magic dart hits you.
Casting: Freeze (safe; 2% risk of failure)
Confirm with . or Enter, or press ? or * to list all spells.
Okay, then.
Casting: Freeze (safe; 2% risk of failure)
Confirm with . or Enter, or press ? or * to list all spells.
Okay, then.
Sigmund gestures wildly while chanting.
Sigmund flickers and vanishes!
Deactivating autopickup; reactivate with Ctrl-A.
Casting: Freeze (safe; 2% risk of failure)
Confirm with . or Enter, or press ? or * to list all spells.
You can't see any susceptible monsters within range! (Use Z to cast anyway.)
There is a strange disturbance nearby!
Casting: Freeze (safe; 2% risk of failure)
Confirm with . or Enter, or press ? or * to list all spells.
You can't see any susceptible monsters within range! (Use Z to cast anyway.)
Casting: Freeze (safe; 2% risk of failure)
Confirm with . or Enter, or press ? or * to list all spells.
The spell is quite dangerous to miscast (8% risk of failure)!
Continue anyway?
Casting: Frozen Ramparts (quite dangerous; 8% risk of failure)
Press: ? - help, Dir - look around, f - activate The walls around you are covered in ice.
The wall freezes something.
You hear some strange, mumbled words.
You are confused.
Your frozen ramparts will break if you move.
Continue?
Okay, then.
The wall freezes something.
Something hits you.
The wall freezes something.
Something hits you.
The wall freezes something.
Something hits you!
* * * LOW HITPOINT WARNING * * *
You feel less confused.
The wall freezes something.
Something hits you.
* * * LOW HITPOINT WARNING * * *
Your frozen ramparts will break if you move.
Continue?
The frozen ramparts melt away as you move.
Something hits you!
You die...

###### #....#
#....##########################
#.............@{...............
#....################# ####.<.
#....# #... ##.### #... #.##
#... #..# #.... ##.# .##
###.### #)# ....####...### #.#
#........ #.


There were no monsters in sight!

Vanquished Creatures
  An adder (D:2)
  A worm (D:2)
  2 dart slugs (D:1)
  A ball python (D:2)
  2 endoplasms (D:1)
  3 goblins
  4 hobgoblins
  2 jackals (D:2)
  A bat (D:1)
  A frilled lizard (D:1)
  A kobold (D:1)
  3 rats
22 creatures vanquished.

Notes
Turn   | Place    | Note
-------+----------+-------------------------------------------
     0 | D:1      | Sweetruy1997 the Draconian Ice Elementalist began the quest
                  | for the Orb.
     0 | D:1      | Reached XP level 1. HP: 14/14 MP: 3/3
   176 | D:1      | Reached XP level 2. HP: 18/20 MP: 1/5
   851 | D:2      | Reached XP level 3. HP: 19/26 MP: 0/6
   959 | D:2      | Learned a level 3 spell: Frozen Ramparts
  1265 | D:2      | Noticed Sigmund
  1275 | D:2      | HP: 1/26 [something (4)]
  1276 | D:2      | Mangled by Sigmund

Illustrated notes

Levels and vault maps discovered:
D:1:      lemuel_arrival_lava_pool, layout_loops_cross
D:2:      layout_rooms, uniq_sigmund

Action                   || total
-------------------------++-------
Melee: Unarmed           ||     7
       Tailslap          ||     3
       Club              ||     5
 Cast: Freeze            ||    35
       Frozen Ramparts   ||     1
Armor: Skin              ||     7
Dodge: Dodged            ||    31

Table legend: (Time is in decaauts)
 A = Elapsed time spent in this place.
 B = Non-inter-level travel time spent in this place.
 C = Inter-level travel time spent in this place.
 D = Time resting spent in this place.
 E = Time spent auto-exploring this place.
 F = Levels seen in this place.
 G = Mean time per level.
                   A        B        C        D        E       F      G
               +--------+--------+--------+--------+--------+-----+--------+
         Total |   1276 |   1265 |     11 |    104 |    967 |   2 |  638.0 |
       Dungeon |   1276 |   1265 |     11 |    104 |    967 |   2 |  638.0 |
               +--------+--------+--------+--------+--------+-----+--------+

Top non-repeatable levels by time:
     D:1: 845 daAuts
     D:2: 431 daAuts
